AoeStats
← 洨粉紅

Arena

510270954Analyzed
1v1 RM · 2d ago on Sep 30, 2026· 35m 32s· 2 players
Game mode
Random Map
Map size
Tiny (2 player)
Population
200
Speed
Normal
Resources
Standard
Victory
Conquest
Starting age
Dark Age
Ending age
Imperial Age
RankedLock teamsTeams togetherTeam positionsShared explorationLock speedFull tech treeHidden civsTurbo modeCheats
Victory
Defeat
🇨🇳 Jurchens · China
596
+18
🇹🇼 Bohemians · Taiwan
634
-18
AroNe1
10:43 Feudal Age
14:26 Castle Age
12:10 Horse Collar
12:17 Double-Bit Axe
16:19 Heavy Plow
21:27 Bow Saw
23:04 Gold Mining
24:15 Loom
25:07 Wheelbarrow
28:47 Imperial Age
26:46 Ballistics
27:22 Fortified Bastions
28:01 Hand Cart
27:46 Fletching
28:05 Stone Mining
28:50 Gold Shaft Mining
28:45 Treadmill Crane
29:03 Heavy Cavalry Archer
30:58 Crop Rotation
31:34 Two-Man Saw
31:33 Husbandry
31:43 Bloodlines
31:35 Husbandry
32:48 Chemistry
31:46 Bodkin Arrow
31:52 Padded Archer Armor
31:57 Scale Barding Armor
34:51 Stone Shaft Mining
33:40 Light Cavalry
34:33 Forging
34:44 Chain Barding Armor
34:25 Bracer
35:18 Conscription
34:29 Hussar
35:54 Leather Archer Armor
35:46 Siege Engineers
35:51 Masonry
洨粉紅
11:26 Feudal Age
12:48 Double-Bit Axe
16:25 Fletching
16:35 Padded Archer Armor
19:02 Castle Age
16:58 Horse Collar
21:46 Wheelbarrow
25:36 Elite Skirmisher
26:37 Leather Archer Armor
26:12 Fletching
27:36 Chemistry
26:57 Ballistics
32:38 Imperial Age
29:56 Loom
29:50 Pikeman
31:07 Bow Saw
31:52 Hand Cart
Connection lost

Rejoining the realm…

Still unreachable

The connection could not be restored.

Session expired

The server has moved on; the page needs a fresh start.